Map: Acid Plant LE

Players

kuli

  • Race: Terran Terran
  • League: Silver
  • Spawn Location: 5:00

ImKorean - Winner!

  • Race: Protoss Protoss
  • League: Bronze
  • Spawn Location: 11:00

VOD

Have the link to the VOD?

Description

Private use

Time

  • Played on: April 6, 2018, 10:34 p.m.
  • Length: 11:10
Show
View Real Time Build Order
Export as new Build Order

kuli Terran 

Build Orders:  

Get SALT Encoding   

  12  0:02  SCV  
  13  0:18  Supply Depot  
  13  0:28  SCV  
  14  0:40  SCV  
  14  0:42  Supply Depot  
  15  0:52  SCV  
  16  1:04  SCV  
  16  1:05  Supply Depot  
  16  1:08  Refinery  
  17  1:16  SCV  
  18  1:25  Engineering Bay  
  18  1:28  Supply Depot, SCV  
  19  1:40  SCV  
  20  1:52  Refinery  
  20  1:58  Barracks  
  20  2:05  Refinery  
  20  2:11  SCV  
  21  2:23  SCV  
  22  2:45  Command Center  
  22  2:55  Orbital Command  
  22  3:13  Refinery  
  22  3:18  Factory  
  22  3:23  SCV  
  23  3:35  SCV  
  23  3:54  Reaper  
  22  4:23  Factory Tech Lab  
  20  4:26  Reaper  
  21  4:31  Planetary Fortress  
  20  4:42  SCV  
  21  4:49  Siege Tank  
  24  4:55  SCV  
  24  4:58  Reaper  
  27  5:07  SCV  
  27  5:10  Supply Depot  
  27  5:12  SCV  
  28  5:19  SCV  
  29  5:24  SCV  
  29  5:27  Starport  
  30  5:31  SCV  
  30  5:33  Armory  
  31  5:36  SCV  
  32  5:48  SCV x2  
  34  5:54  Siege Tank  
  37  6:00  SCV  
  37  6:01  SCV  
  39  6:12  SCV  
  39  6:13  SCV  
  39  6:14  Starport Tech Lab  
  39  6:15  Starport  
  41  6:24  SCV  
  41  6:25  SCV  
  43  6:32  Fusion Core  
  43  6:37  SCV x2  
  45  6:49  SCV  
  46  7:04  Missile Turret  
  46  7:15  Missile Turret  
  46  7:21  Armory  
  43  7:24  Missile Turret  
  43  7:25  Battlecruiser  
  44  7:35  Missile Turret  
  40  7:44  Starport Tech Lab  
  40  7:48  Thor  
  45  7:54  SCV  
  46  8:03  Missile Turret  
  46  8:06  SCV  
  46  8:10  Starport Tech Lab  
  47  8:18  SCV  
  48  8:22  SCV, Missile Turret  
  49  8:29  Battlecruiser  
  49  8:30  SCV  
  56  8:35  SCV  
  57  8:42  SCV  
  57  8:47  SCV, Missile Turret  
  59  8:59  SCV  
  60  9:07  Missile Turret  
  60  9:11  SCV  
  61  9:28  Battlecruiser, Missile Turret  
  61  9:31  SCV  
  68  9:36  SCV  
  69  9:43  SCV  
  70  10:02  Missile Turret  
  70  10:14  SCV x2  
  70  10:20  Supply Depot  
  72  10:23  Missile Turret  
  72  10:27  SCV  
  73  10:29  Missile Turret  
  64  10:39  SCV  
  64  10:42  Supply Depot  
Show
View Real Time Build Order
Export as new Build Order

ImKorean Protoss - Winner!

Build Orders: 1 Gate Expand, Double Forge, Blink Stalkers 

Get SALT Encoding   

  12  0:02  Probe  
  13  0:14  Probe  
  14  0:19  Pylon  
  14  0:26  Probe  
  15  0:38  Probe (Chrono Boost)  
  15  0:40  Gateway  
  16  0:49  Probe (Chrono Boost), Assimilator  
  17  0:54  Probe (Chrono Boost)  
  18  1:04  Probe  
  19  1:17  Probe  
  20  1:25  Nexus  
  20  1:29  Probe  
  21  1:38  Cybernetics Core  
  21  1:44  Assimilator  
  21  1:47  Probe  
  21  1:52  Pylon  
  22  2:03  Probe  
  23  2:14  Stalker  
  23  2:15  Warp Gate  
  25  2:23  Probe (Chrono Boost)  
  25  2:29  Robotics Facility  
  26  2:34  Probe (Chrono Boost)  
  27  2:44  Stalker  
  27  2:47  Probe x2  
  31  2:59  Probe x2  
  32  3:10  Twilight Council  
  32  3:11  Probe x2  
  34  3:14  Stalker  
  34  3:17  Observer  
  37  3:21  Assimilator  
  37  3:23  Probe  
  37  3:24  Probe  
  39  3:39  Probe  
  39  3:40  Probe  
  41  3:43  Observer  
  41  3:44  Stalker  
  41  3:47  Assimilator  
  44  3:52  Probe x2  
  46  4:00  Gateway, Pylon  
  46  4:02  Blink (Chrono Boost)  
  46  4:04  Gateway  
  46  4:14  Pylon  
  46  4:19  Probe (Chrono Boost)  
  46  4:22  Probe (Chrono Boost)  
  48  4:30  Probe (Chrono Boost)  
  50  4:34  Probe (Chrono Boost)  
  50  4:35  Probe (Chrono Boost), Immortal (Chrono Boost)  
  55  4:43  Probe  
  55  4:45  Probe  
  57  4:51  Nexus  
  57  4:58  Pylon  
  57  5:00  Pylon  
  57  5:02  Probe x2  
  59  5:13  Pylon  
  59  5:15  Pylon  
  59  5:16  Stalker, Sentry  
  59  5:17  Stalker  
  65  5:23  Observer (Chrono Boost)  
  66  5:34  Charge (Chrono Boost)  
  66  5:35  Forge x2  
  66  5:36  Observer (Chrono Boost)  
  66  5:40  Sentry  
  69  5:51  Probe x2  
  69  5:52  Warp Prism (Chrono Boost)  
  69  5:57  Pylon, Stalker  
  75  6:03  Probe x2  
  77  6:10  Gateway x2  
  77  6:14  Pylon  
  77  6:17  Protoss Ground Weapons Level 1 (Chrono Boost), Protoss Ground Armor Level 1 (Chrono Boost)  
  77  6:24  Gateway  
  77  6:26  Gateway  
  77  6:32  Templar Archives  
  77  6:33  Zealot  
  77  6:35  Probe x2  
  77  6:36  Probe  
  83  6:50  Probe x3, Observer  
  83  6:52  Photon Cannon  
  86  7:00  Stalker x3  
  92  7:02  Probe x3  
  95  7:11  Pylon  
  95  7:13  Stalker x2  
  100  7:22  Probe  
  100  7:23  Probe x2  
  100  7:24  Assimilator  
  100  7:28  Assimilator  
  102  7:34  Probe  
  102  7:35  Probe x2  
  105  7:42  Stalker x4  
  105  7:43  Stalker x2  
  117  7:44  Psionic Storm  
  117  7:45  Protoss Ground Weapons Level 2 (Chrono Boost)  
  117  7:48  Probe  
  117  7:49  Probe  
  119  7:55  Protoss Ground Armor Level 2 (Chrono Boost)  
  119  8:00  Zealot  
  121  8:13  Photon Cannon  
  121  8:16  Pylon  
  121  8:18  Nexus  
  121  8:19  Pylon  
  121  8:23  High Templar x4  
  121  8:25  Zealot  
  131  8:28  Zealot  
  133  8:37  Pylon  
  133  8:40  Pylon  
  133  8:41  Photon Cannon  
  133  8:50  Shield Battery  
  133  8:51  Zealot x3  
  139  8:55  Stalker  
  139  8:56  Stalker x2  
  139  9:01  Pylon  
  139  9:02  Pylon  
  145  9:04  Photon Cannon  
  144  9:14  Robotics Facility  
  144  9:16  Gateway  
  144  9:22  High Templar x2  
  148  9:24  Pylon, Zealot  
  148  9:25  Zealot x2  
  148  9:28  High Templar x2  
  158  9:33  Archon  
  158  9:47  Probe x4  
  158  9:50  Assimilator  
  162  9:56  Assimilator  
  162  9:58  Shield Battery  
  162  9:59  Probe x4  
  166  10:02  Immortal x2 (Chrono Boost)  
  174  10:23  Zealot x2  
  174  10:24  Zealot x6  
  166  10:54  Stalker  
  166  10:55  Stalker x7  
  182  11:00  Gateway  
  182  11:01  Gateway  
  186  11:04  Gateway  
  186  11:07  Gateway, Pylon  
Tags
 
Add a new tag
Caveats
  • Supply blocks, unpowered buildings, or Contaminate may cause inaccurate times.
  • Supply counts are checked every 10 seconds.